 Dungeon Crawl Stone Soup version 0.27-a0-607-g1ad3dbde53 (webtiles) character file.

Game seed: 15947792439188949684

55 Gaff the Skirmisher (level 3, 0/37 HPs)
             Began as an Ogre Warper on Mar 13, 2021.
             Slain by an orc
             ... wielding a +0 dagger
              (3 damage)
             ... on level 3 of the Dungeon.
             The game lasted 00:04:49 (2066 turns).

Gaff the Skirmisher (Ogre Warper)                   Turns: 2066, Time: 00:04:49

Health: 0/37       AC:  3    Str: 16    XL:     3   Next: 93%
Magic:  7/7        EV: 10    Int: 14    God:
Gold:   166        SH:  0    Dex:  8    Spells: 6/8 levels left

rFire    . . .     SeeInvis .   a - +0 mace
rCold    . . .     Faith    .   (no shield)
rNeg     . . .     Spirit   .   b - +0 robe
rPois    .         Reflect  .   (helmet restricted)
rElec    .         Harm     .   (no cloak)
rCorr    .         Rampage  .   (gloves unavailable)
Will     .....                  (boots unavailable)
Stlth    +.........             (no amulet)
HPRegen  0.12/turn              (no ring)
MPRegen  0.10/turn              (no ring)

@: flying
A: large, unfitting armour, antennae 1, screaming 1, tough skin 1
a: no special abilities


You were on level 3 of the Dungeon.
You visited 1 branch of the dungeon, and saw 3 of its levels.

You collected 166 gold pieces.

Inventory:

Hand Weapons
 a - a +0 mace (weapon)
 j - a +1 dagger of venom
 o - a +0 hand axe of flaming
Missiles
 e - 5 boomerangs of dispersal (quivered)
 k - 10 poisoned darts
 n - 4 boomerangs
Armour
 b - a +0 robe (worn)
 h - a +0 buckler
Scrolls
 d - a scroll of blinking
 f - a scroll of magic mapping {unknown}
 g - a scroll of identify {unknown}
 i - 2 scrolls of enchant weapon {unknown}
 l - a scroll of immolation {unknown}
Potions
 c - a potion of mutation


   Skills:
 + Level 3.4 Fighting
 + Level 2.2 Maces & Flails
 - Level 1.0 Throwing
 + Level 2.6 Dodging
 + Level 3.0 Spellcasting
 + Level 3.0 Translocations


You had 6 spell levels left.
You knew the following spells:

 Your Spells              Type           Power      Damage    Failure   Level
a - Blink                 Tloc           N/A        N/A       10%         2

Your spell library contained the following spells:

 Spells                   Type           Power      Damage    Failure   Level
 Gell's Gravitas          Tloc           5%         N/A       19%         3
 Lesser Beckoning         Tloc           5%         N/A       19%         3
 Teleport Other           Tloc           10%        N/A       19%         3
 Manifold Assault         Tloc           10%        N/A       52%         4


Dungeon Overview and Level Annotations

Branches:
Dungeon (2/15)

Altars:


Innate Abilities, Weirdness & Mutations

You are too large for most types of armour.
You have tough skin. (AC +1)
You have a pair of small antennae on your head.
You occasionally shout uncontrollably at your foes.


Message History

You barely miss the orc wizard.
The orc wizard is heavily wounded.
The orc wizard hits you but does no damage.
You barely miss the orc wizard.
The orc wizard is heavily wounded.
The orc wizard hits you with a +0 dagger. x2
You barely miss the orc wizard.
The orc wizard is heavily wounded.
The orc wizard points at you and mumbles some strange words.
You are confused.
You bump into the rock wall.
The orc wizard hits you with a +0 dagger!
You hit the orc wizard.
The orc wizard is almost dead.
The orc wizard points at you and mumbles some strange words.
The puff of flame hits you!
* * * LOW HITPOINT WARNING * * *
You bump into the rock wall.
The orc wizard hits you but does no damage.
You bump into the rock wall.
The orc wizard hits you with a +0 dagger.
* * * LOW HITPOINT WARNING * * *
It was a potion of flight.
You feel very buoyant.
You fly up into the air.
The orc wizard hits you with a +0 dagger.
* * * LOW HITPOINT WARNING * * *
You're too confused to cast spells.
Unknown command.
You bump into the rock wall.
The orc wizard hits you with a +0 dagger.
* * * LOW HITPOINT WARNING * * *
You bump into the rock wall.
You feel less confused.
The orc wizard hits you with a +0 dagger.
* * * LOW HITPOINT WARNING * * *
You hit the orc wizard.
You kill the orc wizard!
The orc hits you with a +0 dagger.
You die...

###...###.#.#.# #.#
#..^.†.##.#.#.#######.#
#......##.#...........#
#......##.###.#########
#......##.# #.#.......#
#......# ###.#.#####.#
#......# #...........#
#......# #.#.##.######
#.[....# #@#.##.#
######## #o#.##.#
#o#.##.# #.#.(#.#
#.#..#.# #....#.# ...
#.# #..


You could see 2 orcs.

Vanquished Creatures
  An orc wizard (D:3)
  An adder (D:1)
  A dart slug (D:1)
  A leopard gecko (D:2)
  2 orcs (D:3)
  A ball python (D:3)
  5 bats
  2 giant cockroaches (D:2)
  6 goblins (D:2)
  4 hobgoblins
  3 jackals (D:1)
  A quokka (D:2)
  A frilled lizard (D:1)
  6 kobolds
  2 rats
37 creatures vanquished.

Vanquished Creatures (others)
  12 toadstools (D:2)
12 creatures vanquished.

Grand Total: 49 creatures vanquished

Notes
Turn   | Place    | Note
-------+----------+-------------------------------------------
     0 | D:1      | Gaff the Ogre Warper began the quest for the Orb.
     0 | D:1      | Reached XP level 1. HP: 22/22 MP: 3/3
   281 | D:1      | Reached XP level 2. HP: 29/29 MP: 3/5
   285 | D:1      | Learned a level 2 spell: Blink
   975 | D:1      | Gained mutation: You occasionally shout uncontrollably at
                  | your foes. [potion of mutation]
   975 | D:1      | Gained mutation: Your mind is acute. (Int +2) [potion of
                  | mutation]
   975 | D:1      | Lost mutation: Your mind is acute. (Int +2) [potion of
                  | mutation]
   975 | D:1      | Gained mutation: You have a pair of small antennae on your
                  | head. [potion of mutation]
   978 | D:1      | Reached XP level 3. HP: 15/37 MP: 7/7
  1821 | D:2      | You fall into a shaft and drop 1 floor!
  2066 | D:3      | Slain by an orc

Illustrated notes

Levels and vault maps discovered:
D:1:      minmay_arrival_shoal_huts, layout_basic
D:2:      cheibrodos_fertilizer, layout_loops_ring,
          minmay_misc_feat_secret_circle, chequers_serial_rivers_small_3
D:3:      layout_basic, nicolae_uskayaw_dance_studio

Skill      XL: |  1  2  3 |
---------------+----------+-----
Fighting       | 3 |  3.4
Maces & Flails | 2 |  2.2
Translocations | 3 |  3.0
Spellcasting   | 3 |  3.0
Throwing       | |  1.0
Dodging        | |  2.6

Action                   || total
-------------------------++-------
Melee: Mace              ||   127
  Use: Potion            ||     3
 Stab: Sleeping          ||     1
Armor: Robe              ||    53
Dodge: Dodged            ||    71

Table legend: (Time is in decaauts)
 A = Elapsed time spent in this place.
 B = Non-inter-level travel time spent in this place.
 C = Inter-level travel time spent in this place.
 D = Time resting spent in this place.
 E = Time spent auto-exploring this place.
 F = Levels seen in this place.
 G = Mean time per level.
                   A        B        C        D        E       F      G
               +--------+--------+--------+--------+--------+-----+--------+
         Total |   2104 |   2086 |     18 |    574 |   1028 |   3 |  701.3 |
       Dungeon |   2104 |   2086 |     18 |    574 |   1028 |   3 |  701.3 |
               +--------+--------+--------+--------+--------+-----+--------+

Top non-repeatable levels by time:
     D:1: 1143 daAuts
     D:2: 707 daAuts
     D:3: 253 daAuts
